 Dungeon Crawl Stone Soup version 0.28.0-1-gb440e238dd (webtiles) character file.

Game seed: 2534833420924397780

130 fknight the Chopper (level 5, 0/47 HPs)
             Began as a Hill Orc Monk on Feb 27, 2022.
             Was a Believer of Beogh.
             Slain by a scorpion (8 damage)
             ... on level 4 of the Dungeon.
             The game lasted 00:08:27 (3622 turns).

fknight the Chopper (Hill Orc Monk)                 Turns: 3622, Time: 00:08:27

Health: 0/47       AC:  8    Str: 16    XL:     5   Next: 13%
Magic:  5/5        EV:  7    Int: 10    God:    Beogh [**....]
Gold:   130        SH:  3    Dex: 13    Spells: 4/4 levels left

rFire   . . .      SeeInvis .   j - +2 falchion (holy)
rCold   . . .      Faith    .   f - +0 buckler
rNeg    . . .      Spirit   .   c - +0 chain mail
rPois   .          Reflect  .   (no helmet)
rElec   .          Harm     .   (no cloak)
rCorr   .          Rampage  .   (no gloves)
Will    .....                   (no boots)
Stlth   ..........              q - amulet of the acrobat
HPRegen 0.15/turn               (no ring)
MPRegen 0.09/turn               (no ring)

@: mighty, attractive
A: no striking features
a: Renounce Religion, Smiting


You were on level 4 of the Dungeon.
You worshipped Beogh.
Beogh was pleased with you.
You visited 1 branch of the dungeon, and saw 4 of its levels.

You collected 130 gold pieces.

Inventory:

Hand Weapons
 a - a +1 hand axe
 d - a +1 dagger of electrocution
 j - a +2 falchion of holy wrath (weapon)
Missiles
 e - 63 stones (quivered)
 m - 5 poisoned darts
Armour
 b - a +0 robe
 c - a +0 chain mail (worn)
 f - a +0 buckler (worn)
Jewellery
 q - an amulet of the acrobat (around neck)
Wands
 h - a wand of digging (5)
Scrolls
 n - a scroll of silence {unknown}
 p - a scroll of vulnerability {unknown}
Potions
 i - a potion of degeneration


   Skills:
 + Level 4.6 Fighting
 + Level 5.0 Axes
 + Level 3.1 Dodging
 + Level 2.6 Stealth


You had 4 spell levels left.
You didn't know any spells.
Your spell library contained the following spells:

 Spells                   Type           Power      Damage    Failure   Level
 Freeze                   Ice            0%         1d3       100%        1
 Ensorcelled Hibernation  Hex/Ice        0%         N/A       100%        2
 Frozen Ramparts          Ice            0%         1d2       100%        3
 Portal Projectile        Hex/Tloc       0%         N/A       100%        3
 Spider Form              Tmut/Pois      0%         N/A       100%        3
 Anguish                  Hex/Necr       0%         N/A       100%        4
 Hailstorm                Conj/Ice       0%         3d3       100%        4
 Blade Hands              Tmut           0%         N/A       100%        5
 Excruciating Wounds      Necr           0%         N/A       100%        5


Dungeon Overview and Level Annotations

Branches:
Dungeon (4/15)             Temple (0/1) D:4

Altars:


Message History

* * * LOW HITPOINT WARNING * * *
You feel very mighty all of a sudden.
The endoplasm quivers.
The howler monkey barely misses you.
The scorpion stings you but does no damage.
You hit the scorpion.
The scorpion is lightly wounded.
The howler monkey hoots and howls with incredible vigour!
The scorpion stings you but does no damage.
You hear a shout!
You hit the scorpion but do no damage.
The scorpion is lightly wounded.
The howler monkey hits you but does no damage.
The scorpion stings you.
* * * LOW HITPOINT WARNING * * *
The howler monkey hits you but does no damage.
The scorpion stings you!
* * * LOW HITPOINT WARNING * * *
The hobgoblin hits you.
* * * LOW HITPOINT WARNING * * *
It was a potion of attraction.
You feel attractive to monsters.
The howler monkey hits you but does no damage.
The scorpion barely misses you.
The hobgoblin hits you but does no damage.
The orc wizard is attracted toward you. The orc priest is attracted toward you.
The orc is attracted toward you. The orc wizard is attracted toward you.
The orc is attracted toward you.
It was a potion of curing.
You feel better.
The scorpion stings you but does no damage.
The howler monkey hits you but does no damage.
The orc wizard hits the howler monkey with a +1 dagger of venom.
The howler monkey is poisoned.
The hobgoblin closely misses you. The orc priest is attracted toward you.
The orc is attracted toward you.
You hit the scorpion.
The scorpion is heavily wounded.
The howler monkey hits you.
* * * LOW HITPOINT WARNING * * *
The scorpion stings you!
You die...

#.......#####...#.
#.§.....#...#g###.
#.......#.....###.
#§§.....#.........
#..o........#####.
#oo.....##### #.
#oo.....# .
#gh.....#
#@sJ....#
#########


You could see a scorpion, a howler monkey (very poisoned), an endoplasm, a
hobgoblin, a neutral orc priest (wandering), 2 neutral orc wizards and 2 neutral
orcs.

Vanquished Creatures
  Terence (D:2)
  4 adders
  An ufetubus (D:4)
  3 dart slugs
  2 orcs (D:3)
  2 bats (D:2)
  3 endoplasms
  3 giant cockroaches
  2 goblins (D:2)
  5 hobgoblins
  2 jackals (D:1)
  A quokka (D:1)
  3 ball pythons
  A frilled lizard (D:1)
  16 kobolds
  A quokka skeleton (D:4)
  3 rats
53 creatures vanquished.

Vanquished Creatures (others)
  An endoplasm (D:4)
1 creature vanquished.

Grand Total: 54 creatures vanquished

Notes
Turn   | Place    | Note
-------+----------+-------------------------------------------
     0 | D:1      | fknight the Hill Orc Monk began the quest for the Orb.
     0 | D:1      | Reached XP level 1. HP: 19/19 MP: 1/1
   226 | D:1      | Reached XP level 2. HP: 27/27 MP: 2/2
   356 | D:1      | You fall into a shaft and drop 1 floor!
   633 | D:1      | Reached XP level 3. HP: 27/33 MP: 3/3
  1729 | D:2      | Found a faded altar of an unknown god.
  1860 | D:2      | Noticed Terence
  1877 | D:2      | Killed Terence
  1878 | D:2      | Reached XP level 4. HP: 22/40 MP: 4/4
  3554 | D:4      | Noticed a scorpion
  3555 | D:4      | Found a staircase to the Ecumenical Temple.
  3565 | D:4      | Reached skill level 5 in Axes
  3565 | D:4      | Reached XP level 5. HP: 41/47 MP: 5/5
  3601 | D:4      | Became a worshipper of Beogh the Brigand
  3601 | D:4      | Reached * piety under Beogh
  3601 | D:4      | Reached ** piety under Beogh
  3619 | D:4      | HP: 1/47 [hobgoblin (3)]
  3622 | D:4      | Slain by a scorpion

Illustrated notes

Levels and vault maps discovered:
D:1:      mushboom_english_gardens, layout_basic, serial_forest,
          infiniplex_forest_join, infiniplex_forest_clump_curved,
          infiniplex_forest_end_2, infiniplex_forest_end_double,
          infiniplex_forest_lined_2, infiniplex_forest_clump_tiny,
          infiniplex_forest_end_2, minmay_misc_feat_rows
D:2:      layout_loops_ring, ebering_ecumenical_altar_petrified, uniq_terence
D:3:      layout_loops_corners
D:4:      layout_rooms, minmay_temple_entry_large_hall, lemuel_another_geyser

Skill      XL: |  1  2  3  4 |
---------------+-------------+-----
Fighting       | 4 |  4.6
Stealth        | 2 |  2.6
Dodging        | 3 |  3.1
Axes           | 5 |  5.0

Action                   |  1- 3 |  4- 6 || total
-------------------------+-------+-------++-------
Melee: Dagger            |   116 |       ||   116
       Hand axe          |    27 |    27 ||    54
       Falchion          |       |    37 ||    37
Throw: Stone             |       |     5 ||     5
Invok: Convert to Beogh  |       |     1 ||     1
  Use: Scroll            |     5 |     2 ||     7
       Potion            |       |     4 ||     4
Armor: Chain mail        |    82 |    54 ||   136
Dodge: Dodged            |    38 |    31 ||    69
Block: Buckler           |    13 |    11 ||    24
